Map: Year Zero LE

Players

PtitDrogo - Winner!

  • Race: Protoss Protoss
  • League: Grandmaster
  • Spawn Location: 1:00

HeroMarine

  • Race: Terran Terran
  • League: Master
  • Spawn Location: 11:00

Event: 2019 WCS Winter Europe

VOD

Have the link to the VOD?

Description

Time

  • Played on: March 24, 2019, 10:29 a.m.
  • Length: 12:16

All games in this series

Show
View Real Time Build Order
Export as new Build Order

PtitDrogo Protoss - Winner!

Build Orders: 1 Gate Expand, Colossus Rush 

Get SALT Encoding   

  12  0:00  Probe  
  13  0:12  Probe  
  14  0:17  Pylon  
  14  0:24  Probe  
  15  0:32  Probe  
  15  0:38  Gateway  
  15  0:40  Probe  
  16  0:46  Assimilator  
  17  0:51  Probe  
  18  1:03  Probe  
  19  1:15  Probe  
  20  1:25  Nexus  
  20  1:33  Cybernetics Core  
  20  1:36  Probe  
  21  1:41  Assimilator  
  21  1:48  Probe  
  21  1:52  Pylon  
  22  2:00  Probe, Adept  
  23  2:09  Warp Gate  
  23  2:12  Probe  
  26  2:21  Robotics Facility  
  26  2:24  Probe  
  27  2:30  Stalker  
  27  2:34  Probe x2  
  29  2:42  Probe x2  
  33  2:52  Probe x2  
  35  3:00  Stalker  
  35  3:03  Observer  
  35  3:04  Probe x2  
  40  3:16  Probe  
  40  3:17  Probe  
  40  3:18  Pylon  
  42  3:20  Gateway  
  42  3:22  Observer  
  43  3:28  Probe  
  43  3:29  Gateway  
  43  3:30  Probe  
  45  3:36  Assimilator  
  45  3:40  Assimilator, Probe  
  46  3:41  Probe  
  47  3:49  Probe  
  47  3:50  Observer  
  47  3:52  Probe  
  47  3:53  Robotics Bay  
  50  3:57  Probe, Pylon  
  51  4:04  Probe  
  51  4:05  Stalker  
  54  4:14  Probe  
  54  4:15  Stalker  
  54  4:17  Probe  
  57  4:23  Nexus  
  57  4:29  Stalker  
  59  4:34  Probe  
  59  4:37  Probe  
  59  4:40  Stalker  
  61  4:46  Probe  
  61  4:47  Pylon  
  62  4:56  Forge  
  62  5:01  Forge, Probe x2  
  64  5:10  Pylon  
  64  5:11  Probe  
  64  5:14  Observer  
  64  5:15  Probe  
  67  5:22  Probe  
  67  5:26  Observer  
  68  5:28  Protoss Ground Weapons Level 1  
  68  5:30  Probe  
  68  5:31  Colossus  
  68  5:34  Protoss Ground Armor Level 1, Probe  
  70  5:36  Probe, Twilight Council  
  70  5:39  Probe  
  70  5:41  Sentry x2  
  70  5:42  Probe  
  81  5:44  Probe  
  81  5:47  Probe  
  84  5:50  Probe  
  84  5:52  Probe  
  84  5:54  Pylon  
  87  5:57  Probe  
  87  6:02  Assimilator  
  88  6:04  Assimilator, Probe  
  88  6:05  Extended Thermal Lance, Blink  
  88  6:10  Gateway  
  89  6:11  Probe  
  89  6:12  Sentry  
  89  6:16  Colossus  
  93  6:18  Probe  
  93  6:21  Gateway  
  93  6:23  Gateway  
  93  6:25  Probe x2  
  101  6:34  Pylon  
  101  6:40  Pylon  
  101  6:48  Gateway  
  101  6:50  Templar Archives  
  101  6:51  Pylon  
  101  6:52  Gateway  
  100  6:58  Stalker x2  
  104  7:01  Pylon  
  104  7:04  Stalker x2  
  108  7:09  Colossus  
  108  7:13  Protoss Ground Armor Level 2  
  114  7:21  Stalker x2, Pylon  
  118  7:22  Pylon  
  118  7:28  Pylon  
  118  7:30  Protoss Ground Weapons Level 2  
  118  7:48  Probe x2  
  120  7:55  Immortal  
  120  7:56  Charge, Robotics Facility  
  120  7:57  Nexus  
  120  7:59  Pylon  
  124  8:06  Zealot x3, High Templar x2  
  124  8:07  Zealot x2  
  124  8:10  Pylon  
  124  8:11  Archon  
  136  8:26  Zealot  
  138  8:28  Pylon  
  138  8:29  Pylon  
  138  8:30  Pylon x2  
  138  8:32  Warp Prism  
  138  8:36  Gateway  
  138  8:37  Observer  
  138  8:40  High Templar x2, Gateway  
  144  8:43  Pylon, Gateway  
  144  8:45  Archon  
  132  9:19  Stalker x7  
  132  9:20  Stalker  
  132  9:23  Protoss Ground Weapons Level 3  
  146  9:26  Protoss Ground Armor Level 3  
  146  9:27  Assimilator  
  146  9:28  Stargate  
  146  9:29  Immortal  
  146  9:31  Assimilator  
  148  9:43  Probe x2  
  150  9:59  High Templar x2  
  154  10:00  High Templar  
  154  10:02  Zealot x4, High Templar  
  154  10:03  Zealot x3  
  154  10:04  Archon  
  154  10:05  Archon  
  166  10:24  Stalker x5  
  166  10:25  Stalker x2  
  150  10:43  Stalker x4  
  150  10:49  Stalker x7  
  154  10:50  Stalker x2  
  154  10:53  Probe  
  154  10:56  Stalker x2  
  157  11:00  Probe  
  158  11:13  Warp Prism  
  158  11:15  Fleet Beacon  
  158  11:21  Nexus  
  158  11:25  Pylon  
  160  11:27  Stargate  
  160  11:32  Stargate  
  126  11:45  Stalker x6  
  132  11:51  Probe  
  103  12:08  Stalker x7  
Show
View Real Time Build Order
Export as new Build Order

HeroMarine Terran 

Build Orders: Gas First Reaper Expand 

Get SALT Encoding   

  12  0:00  SCV  
  13  0:12  SCV  
  14  0:17  Supply Depot  
  14  0:24  SCV  
  15  0:31  Refinery  
  15  0:39  SCV  
  16  0:45  Barracks  
  16  0:51  SCV  
  17  1:03  SCV  
  18  1:15  SCV  
  19  1:31  Reaper, Orbital Command  
  20  1:46  Command Center  
  20  1:55  Factory  
  20  1:58  SCV  
  21  2:08  Barracks Reactor  
  21  2:10  SCV  
  21  2:15  Supply Depot  
  22  2:17  Refinery  
  22  2:23  SCV  
  23  2:36  SCV  
  24  2:41  Hellion  
  24  2:43  Starport  
  26  2:44  Marine  
  26  2:45  Marine  
  26  2:49  SCV  
  29  3:01  SCV  
  29  3:03  Orbital Command  
  32  3:05  Widow Mine  
  32  3:08  Marine x2  
  34  3:13  SCV  
  35  3:21  Medivac  
  35  3:25  SCV  
  35  3:26  Marine x2  
  42  3:30  SCV  
  42  3:32  Factory Tech Lab  
  42  3:34  Supply Depot  
  41  3:40  SCV  
  42  3:42  SCV  
  42  3:44  Marine x2  
  45  3:52  Barracks  
  45  3:53  SCV  
  47  3:55  SCV  
  47  3:59  Supply Depot  
  47  4:01  Marine  
  47  4:02  Marine  
  49  4:06  SCV  
  49  4:07  SCV  
  49  4:08  Raven  
  53  4:14  Barracks  
  53  4:19  SCV  
  53  4:21  SCV, Marine x2  
  57  4:29  Supply Depot  
  57  4:31  SCV  
  57  4:33  SCV  
  56  4:43  Factory Tech Lab  
  56  4:44  Command Center  
  56  4:45  SCV  
  57  4:47  SCV  
  57  4:52  Engineering Bay  
  58  4:57  SCV  
  58  4:59  SCV  
  60  5:03  Stimpack  
  60  5:10  SCV, Combat Shield  
  60  5:11  SCV, Refinery x2  
  60  5:13  Factory Reactor  
  60  5:14  Starport Reactor  
  62  5:19  Terran Infantry Weapons Level 1  
  62  5:20  Supply Depot  
  62  5:22  SCV  
  62  5:23  SCV  
  64  5:32  Barracks  
  64  5:33  Barracks  
  64  5:34  SCV  
  64  5:35  SCV  
  66  5:36  Marauder  
  66  5:39  Marauder  
  70  5:43  Marine  
  70  5:44  Marine  
  70  5:46  SCV  
  70  5:47  SCV  
  74  5:51  Medivac x2  
  78  5:58  Marauder, SCV  
  78  5:59  SCV  
  78  6:00  Marauder  
  78  6:03  Marine  
  78  6:04  Marine  
  85  6:05  Widow Mine x2  
  85  6:09  Supply Depot  
  85  6:10  SCV  
  91  6:11  SCV  
  92  6:20  Barracks Tech Lab, Barracks Reactor  
  92  6:27  Medivac x2, Orbital Command  
  92  6:28  SCV x2  
  92  6:30  Marine x2  
  100  6:33  Marauder  
  100  6:36  Marauder, Concussive Shells  
  104  6:40  SCV x2  
  104  6:43  Supply Depot  
  104  6:45  Supply Depot  
  106  6:52  SCV x2  
  106  6:53  SCV  
  109  6:54  Liberator  
  109  6:56  Liberator  
  109  6:57  Supply Depot  
  109  7:05  SCV x3, Marauder x2  
  116  7:13  Terran Infantry Armor Level 1  
  115  7:17  SCV x2  
  115  7:18  Refinery x2  
  115  7:19  Supply Depot  
  117  7:23  Marauder  
  117  7:26  SCV, Supply Depot  
  117  7:29  SCV x2  
  122  7:31  Marauder x2  
  126  7:37  Marine x4  
  126  7:42  Liberator  
  130  7:45  Starport, Liberator  
  130  7:47  Fusion Core  
  130  7:49  Missile Turret  
  130  7:50  Marauder  
  132  7:52  Marauder, Marine  
  132  7:54  Marine  
  132  7:55  Marine x2  
  138  8:04  Supply Depot  
  138  8:05  Supply Depot  
  144  8:11  Marauder x2  
  148  8:13  Marine  
  148  8:19  Supply Depot  
  149  8:20  Marine x2  
  149  8:21  Starport Tech Lab  
  149  8:26  Armory, Marauder, Liberator  
  151  8:33  Marauder  
  152  8:35  Liberator  
  152  8:37  Command Center  
  152  8:39  Armory, Advanced Ballistics  
  152  8:46  Missile Turret, Liberator  
  155  8:58  Marauder x3  
  155  9:02  Supply Depot  
  141  9:19  Marauder  
  141  9:20  Marauder  
  141  9:21  Marauder  
  141  9:25  Marine  
  141  9:26  Medivac, Marine  
  144  9:31  Barracks  
  144  9:32  Barracks  
  144  9:33  Terran Infantry Weapons Level 2, Barracks  
  144  9:35  Medivac  
  146  9:41  Terran Ship Weapons Level 1, Marauder x2  
  146  9:43  Marauder  
  152  9:50  Medivac  
  152  9:53  Marine x3  
  152  9:54  Marine  
  152  9:57  Liberator  
  152  9:59  Missile Turret  
  156  10:00  Missile Turret  
  156  10:01  Liberator  
  156  10:02  Marauder x2, Missile Turret  
  156  10:04  Marauder  
  162  10:10  Sensor Tower  
  162  10:11  Marine x4  
  162  10:14  Liberator  
  166  10:20  Barracks Tech Lab  
  171  10:21  Barracks Tech Lab  
  171  10:22  Marine  
  171  10:24  Marauder x2  
  171  10:25  Marauder  
  178  10:29  Marine x3  
  178  10:30  Marine x3  
  187  10:40  Liberator  
  153  10:44  Liberator, Marine  
  153  10:45  Marauder x2  
  153  10:47  Marauder, Marine x2  
  127  10:51  Marine  
  127  10:52  Marine x3  
  118  11:03  Marine  
  120  11:04  Marine  
  120  11:05  Marine  
  120  11:06  Marauder x2  
  120  11:08  Marauder  
  120  11:09  Marine x2  
  125  11:24  Marine x3  
  125  11:25  Marine  
  129  11:26  Marine  
  129  11:27  Marine  
  129  11:28  Marauder x2  
  129  11:29  Marauder  
  90  11:45  Marine  
  72  11:49  Marauder x2  
  72  11:51  Marauder  
Tags
 
Add a new tag
Caveats
  • Supply blocks, unpowered buildings, or Contaminate may cause inaccurate times.
  • Supply counts are checked every 10 seconds.